[Event "Titled Tuesday Blitz May 16 Early 2023"]
[White "Sharapov, Evgeny"]
[Black "Kalajzic, Ivan"]
[WhiteFideId "14103133"]
[BlackFideId "14506378"]
[WhiteElo "2367"]
[BlackElo "2203"]
[Result "1-0"]
[Round "09"]
[TimeControl "180+2"]
[Date "2023.05.16"]
[WhiteClock "0:01:51"]
[BlackClock "0:00:38"]

1. e4 Nc6 2. d4 d5 3. Nc3 Nf6 4. e5 Nd7 5. Nxd5 Ndb8 6. Nc3 Qxd4 7. Be3 Qxd1+ 8. Rxd1 Bf5 9. Nd5 Na6 10. Bxa6 O-O-O 11. Bd3 Bxd3 12. Rxd3 Nxe5 13. Rd1 Nc4 14. b3 Nb2 15. Rb1 Rxd5 16. Rxb2 e5 17. Nf3 Bb4+ 18. Ke2 f6 19. c4 Rd7 20. Rd1 Rhd8 21. Rxd7 Rxd7 22. Rb1 a6 23. Rd1 b5 24. Rxd7 Kxd7 25. cxb5 axb5 26. a4 c6 27. Kd3 Ke6 28. Nd2 Kd5 29. Ne4 bxa4 30. bxa4 c5 31. Nc3+ Kc6 32. Kc4 f5 33. Nd5 Ba3 34. Ne7+ Kb6 35. Nxf5 Ka5 36. Nxg7 Kxa4 37. Bxc5 Bb2 38. Nf5 e4 39. Ng3 Be5 40. Nxe4 Bxh2 41. g3 h5 42. f4 h4 43. gxh4 Bxf4 44. h5 Ka5 45. Be7 Kb6 46. Bg5 Be5 47. Kd5 Bb2 48. h6 Kc7 49. h7 Bh8 50. Bf6 Kd7 51. Bxh8 Ke8 52. Be5 Kf7 53. h8=Q Kg6 54. Qg7+ Kf5 55. Qg5# 1-0


[Site "https://www.chess.com"]

[Event "Titled Tuesday Blitz May 16 Early 2023"]
[White "Liu, Casper"]
[Black "Janaszak, Dawid"]
[WhiteFideId "1454153"]
[BlackFideId "1119206"]
[WhiteElo "2221"]
[BlackElo "2220"]
[Result "0-1"]
[Round "09"]
[TimeControl "180+2"]
[Date "2023.05.16"]
[WhiteClock "0:00:00"]
[BlackClock "0:00:19"]

1. d4 Nf6 2. Bf4 c5 3. e3 Nd5 4. Bg3 Qb6 5. Na3 cxd4 6. Nb5 a6 7. Qxd4 Qxd4 8. Nxd4 Nc6 9. O-O-O e6 10. Ngf3 Be7 11. Bc4 Nb6 12. Bd3 O-O 13. a3 d5 14. Bc7 Na4 15. e4 Nc5 16. exd5 Nxd3+ 17. Rxd3 exd5 18. Nxc6 bxc6 19. Ne5 Bf5 20. Rdd1 Rac8 21. Bb6 Rfe8 22. Rhe1 Bd6 23. Nf3 Be4 24. Kb1 f6 25. Nd4 c5 26. f3 Bg6 27. Ne6 d4 28. f4 Bf5 29. Nxd4 Rxe1 30. Rxe1 cxd4 31. Bxd4 Rxc2 32. Ka1 Rxg2 33. Re8+ Kf7 34. Ra8 Bd3 35. b4 Ke6 36. a4 Kd5 37. Bb2 Kc4 38. Rc8+ Kxb4 0-1


[Site "https://www.chess.com"]

[Event "Titled Tuesday Blitz May 16 Early 2023"]
[White "Omariev, Maksim"]
[Black "Altman, Joshua"]
[WhiteFideId "4193423"]
[BlackFideId "426210"]
[WhiteElo "2417"]
[BlackElo "2028"]
[Result "1-0"]
[Round "09"]
[TimeControl "180+2"]
[Date "2023.05.16"]
[WhiteClock "0:00:15"]
[BlackClock "0:00:13"]

1. e4 e6 2. d4 d5 3. Nc3 dxe4 4. Nxe4 Nd7 5. Nf3 Ngf6 6. Bd3 Nxe4 7. Bxe4 Nf6 8. Bd3 c5 9. c3 Be7 10. Qe2 O-O 11. Bg5 h6 12. Bh4 cxd4 13. Nxd4 Nd5 14. Bg3 Bd7 15. O-O-O Qa5 16. Kb1 Rfc8 17. Ka1 b5 18. Bxb5 Be8 19. Bxe8 Rxe8 20. Nc6 Qb6 21. Nxe7+ Nxe7 22. Rd6 Qc5 23. Qe5 Nd5 24. Rd1 Rac8 25. Rd7 a5 26. Qd4 Qc6 27. Ra7 Ra8 28. Rxa8 Rxa8 29. a3 a4 30. c4 Nf6 31. Be5 Ne8 32. c5 f6 33. Bg3 Rc8 34. Rc1 Nc7 35. Bxc7 Rxc7 36. g3 Rd7 37. Qc4 Rd5 38. f4 f5 39. Rc3 Kh7 40. h3 Rd1+ 41. Ka2 Qh1 42. Qxa4 Ra1+ 43. Kb3 Qd1+ 44. Kb4 Qd4+ 45. Kb5 Qd5 46. Kb6 Rb1 47. b4 Rb2 48. Qb5 Rd2 49. Qc4 Qd8+ 50. Kb5 Rd7 51. c6 Rd5+ 52. Ka6 Qa8+ 53. Kb6 Qb8+ 54. Ka6 Qa8+ 55. Kb6 Rd8 56. c7 Rd6+ 57. Kc5 Rc6+ 58. Kd4 Rxc4+ 59. Rxc4 Qc8 60. b5 Kg6 61. b6 Qd7+ 62. Kc3 Qc8 63. b7 Qxb7 64. c8=Q Qf3+ 65. Kb4 Qd1 66. Qe8+ Kf6 67. Qf8+ Kg6 68. Qc5 Qb1+ 69. Ka5 Qd3 70. Rc3 Qd7 71. Qe5 Qd8+ 72. Kb5 Qd7+ 73. Kc5 Qc8+ 74. Kd6 Qd8+ 75. Kxe6 Qe8+ 76. Kd5 Qd7+ 77. Qd6+ Qxd6+ 78. Kxd6 Kh5 79. a4 g5 80. a5 g4 81. hxg4+ Kxg4 82. a6 h5 83. a7 h4 84. gxh4 Kxh4 85. a8=Q Kg4 86. Qg8+ Kxf4 87. Qc4+ Kg5 88. Rg3+ Kf6 89. Qe6# 1-0


[Site "https://www.chess.com"]

[Event "Titled Tuesday Blitz May 16 Early 2023"]
[White "Baghdasaryan, Vahe"]
[Black "Yosha_Iglesias"]
[WhiteFideId "13303139"]
[WhiteElo "2216"]
[BlackElo "2415"]
[Result "1-0"]
[Round "09"]
[TimeControl "180+2"]
[Date "2023.05.16"]
[WhiteClock "0:00:35"]
[BlackClock "0:00:00"]

1. e4 c5 2. g3 d5 3. exd5 Qxd5 4. Nf3 Bg4 5. Bg2 Qe6+ 6. Kf1 Bh3 7. d3 Nc6 8. Nbd2 h5 9. Ne4 h4 10. Nxh4 O-O-O 11. Be3 Nf6 12. Ng5 Bxg2+ 13. Nxg2 Qd5 14. c4 Qxd3+ 15. Qxd3 Rxd3 16. Ke2 Rd7 17. Nxf7 Rh5 18. Nf4 Rf5 19. Ng6 Ng4 20. Nxf8 Rd4 21. Ne6 Re4 22. Nfg5 Ree5 23. Rhf1 1-0


[Site "https://www.chess.com"]

[Event "Titled Tuesday Blitz May 16 Early 2023"]
[White "Shvedova, Alexandra"]
[Black "Pandey Srishti"]
[WhiteFideId "54154782"]
[BlackFideId "35093290"]
[WhiteElo "1973"]
[BlackElo "2123"]
[Result "1-0"]
[Round "09"]
[TimeControl "180+2"]
[Date "2023.05.16"]
[WhiteClock "0:00:44"]
[BlackClock "0:00:00"]

1. d4 d5 2. c4 dxc4 3. e3 Nf6 4. Bxc4 e6 5. Nf3 a6 6. O-O c5 7. dxc5 Bxc5 8. Qxd8+ Kxd8 9. Rd1+ Ke7 10. Be2 Nbd7 11. b3 b6 12. Bb2 Bb7 13. Nbd2 Rhc8 14. Rac1 Ne8 15. Nd4 Nd6 16. a3 b5 17. b4 Bb6 18. N4b3 Bd5 19. Bxg7 Rg8 20. Bd4 Rxg2+ 21. Kf1 Rxh2 22. Bf3 Bxf3 23. Nxf3 Rh3 24. Ke2 Rc8 25. Nc5 Nf5 26. Nxd7 Rxc1 27. Bf6+ Ke8 28. Rxc1 Kxd7 29. Ne5+ Kd6 30. Rc6+ Kd5 31. Rxb6 Nd6 32. Nd3 Ne4 33. Nf4+ Kc4 34. Nxh3 Nxf6 35. Rxa6 Nd5 36. Ng5 Kb3 37. Nxf7 Nc3+ 38. Kd3 Na4 39. Ng5 Kxa3 40. Nxe6 Kxb4 41. f4 h5 42. f5 h4 43. f6 h3 44. f7 Nc5+ 45. Nxc5 h2 46. Ra1 1-0


[Site "https://www.chess.com"]

[Event "Titled Tuesday Blitz May 16 Early 2023"]
[White "Tokman, Ariel"]
[Black "Sargissyan, Sargis"]
[WhiteFideId "117420"]
[BlackFideId "13303210"]
[WhiteElo "2263"]
[BlackElo "2109"]
[Result "0-1"]
[Round "09"]
[TimeControl "180+2"]
[Date "2023.05.16"]
[WhiteClock "0:00:22"]
[BlackClock "0:00:54"]

1. e4 c5 2. Nf3 d6 3. b3 e5 4. a4 Nf6 5. d3 g6 6. g3 Bg7 7. Bg2 O-O 8. O-O Nc6 9. Na3 h6 10. Nc4 Bg4 11. h3 Be6 12. Kh2 Nh7 13. Bb2 f5 14. Ne3 f4 15. Nd5 g5 16. g4 h5 17. Nd2 hxg4 18. hxg4 Nf6 19. Bf3 Qd7 20. Nxf6+ Bxf6 21. Kg2 Kg7 22. Rh1 Rh8 23. Qe2 Ne7 24. Rxh8 Rxh8 25. Rh1 Rf8 26. Nc4 Ng6 27. Kg1 Nh4 28. c3 Rh8 29. d4 Nxf3+ 30. Qxf3 Rxh1+ 31. Qxh1 Bxc4 32. bxc4 Qxg4+ 0-1


[Site "https://www.chess.com"]

[Event "Titled Tuesday Blitz May 16 Early 2023"]
[White "Estrada Nieto, Julian"]
[Black "Petrova, Irina"]
[WhiteFideId "5101018"]
[BlackFideId "14124122"]
[WhiteElo "2161"]
[BlackElo "2084"]
[Result "1-0"]
[Round "09"]
[TimeControl "180+2"]
[Date "2023.05.16"]
[WhiteClock "0:00:31"]
[BlackClock "0:00:28"]

1. e4 e5 2. Nf3 Nc6 3. Bb5 a6 4. Ba4 Nf6 5. O-O b5 6. Bb3 Be7 7. Re1 O-O 8. a4 Bb7 9. d3 d5 10. axb5 axb5 11. Rxa8 Bxa8 12. exd5 Nxd5 13. Nxe5 Nxe5 14. Rxe5 Bd6 15. Rxd5 Bxd5 16. Bxd5 Bxh2+ 17. Kxh2 Qxd5 18. Nc3 Qd6+ 19. Kg1 b4 20. Ne4 Qe7 21. Be3 Ra8 22. Qg4 Qe5 23. g3 Qxb2 24. c3 h5 25. Qg5 Qb1+ 26. Kg2 Qxd3 27. Nf6+ Kf8 28. Bc5+ Qd6 29. Bxd6+ cxd6 30. Nxh5 g6 31. Qf6 Re8 32. Nf4 Kg8 33. cxb4 1-0


[Site "https://www.chess.com"]

[Event "Titled Tuesday Blitz May 16 Early 2023"]
[White "Krsnik Cohar, Ivan Vihor"]
[Black "Ansh M Shah"]
[WhiteFideId "14520044"]
[BlackFideId "25033379"]
[WhiteElo "2414"]
[BlackElo "2084"]
[Result "1-0"]
[Round "09"]
[TimeControl "180+2"]
[Date "2023.05.16"]
[WhiteClock "0:00:04"]
[BlackClock "0:00:03"]

1. e4 c6 2. Nf3 d5 3. exd5 cxd5 4. d4 Nc6 5. c4 Nf6 6. Nc3 Bg4 7. cxd5 Nxd5 8. Bb5 Rc8 9. O-O e6 10. h3 Bh5 11. g4 Bg6 12. Ne5 Be7 13. f4 O-O 14. Bxc6 bxc6 15. f5 f6 16. fxg6 fxe5 17. gxh7+ Kh8 18. Rxf8+ Qxf8 19. dxe5 Bc5+ 20. Kh1 Qf2 21. Ne4 Qh4 22. Kg2 Rf8 23. Qe2 Bb6 24. Bg5 Qxh7 25. Rf1 Rxf1 26. Kxf1 Qg6 27. h4 Qf7+ 28. Kg2 Qg6 29. Qf3 Kh7 30. Bd2 Kg8 31. h5 Qe8 32. Ng5 Qf8 33. Qxf8+ Kxf8 34. Nxe6+ Kf7 35. Ng5+ Ke7 36. Kf3 Bd4 37. Ke4 Bxb2 38. Nf3 Ba3 39. Nd4 Kd7 40. Nf5 Bf8 41. g5 Ke6 42. Nd4+ Kd7 43. Kf5 Ne7+ 44. Ke4 c5 45. e6+ Kd6 46. Bf4# 1-0


[Site "https://www.chess.com"]

[Event "Titled Tuesday Blitz May 16 Early 2023"]
[White "surrenderPLS"]
[Black "Buscar, Michael"]
[BlackFideId "2603616"]
[WhiteElo "2515"]
[BlackElo "2010"]
[Result "1-0"]
[Round "09"]
[TimeControl "180+2"]
[Date "2023.05.16"]
[WhiteClock "0:00:25"]
[BlackClock "0:00:00"]

1. e4 c5 2. Nf3 Nc6 3. d4 cxd4 4. Nxd4 Nf6 5. Nc3 e5 6. Ndb5 h6 7. Nd5 Nxd5 8. exd5 a6 9. dxc6 axb5 10. cxd7+ Bxd7 11. Qd5 Qc7 12. Bd2 b4 13. Bb5 O-O-O 14. Bxd7+ Rxd7 15. Qe4 Bc5 16. O-O-O Bxf2 17. Bxb4 Rhd8 18. Rxd7 Rxd7 19. Rd1 Rxd1+ 20. Kxd1 Qd7+ 21. Ke2 Bd4 22. c3 Qb5+ 23. Qd3 Qxd3+ 24. Kxd3 Bb6 25. Bf8 g6 26. Bxh6 Kd7 27. Be3 Bc7 28. g4 f5 29. gxf5 gxf5 30. b4 e4+ 31. Ke2 Bxh2 32. a4 f4 33. Bd4 Ke6 34. c4 f3+ 35. Kf2 Kf5 36. a5 Kf4 37. Be3+ Ke5 38. b5 Bf4 39. a6 bxa6 40. bxa6 Bxe3+ 41. Kxe3 Kd6 42. a7 1-0


[Site "https://www.chess.com"]

[Event "Titled Tuesday Blitz May 16 Early 2023"]
[White "Thiel, Thomas"]
[Black "Reprintsev, Alexander"]
[WhiteFideId "4615964"]
[BlackFideId "14100541"]
[WhiteElo "2216"]
[BlackElo "2218"]
[Result "0-1"]
[Round "09"]
[TimeControl "180+2"]
[Date "2023.05.16"]
[WhiteClock "0:00:00"]
[BlackClock "0:01:01"]

1. e4 d5 2. exd5 Qxd5 3. Nc3 Qa5 4. d4 Nf6 5. Nf3 Nc6 6. Bb5 Ne4 7. O-O Nxc3 8. Bxc6+ bxc6 9. bxc3 Bf5 10. Bd2 Qa4 11. Qb1 Qb5 12. Rc1 e6 13. Ne5 f6 14. Nd3 Ba3 15. Re1 Bb2 16. a4 Qb6 17. Ra2 Rb8 18. Nb4 a5 19. Qxb2 axb4 20. cxb4 Kf7 21. a5 Qb5 22. c3 Rhd8 23. h3 h5 24. Bf4 Rd7 25. Qe2 Qxe2 26. Rexe2 g5 27. Bh2 c5 28. a6 cxd4 29. a7 Ra8 30. Red2 d3 31. c4 e5 32. c5 c6 33. Ra6 Rdxa7 34. Rxa7+ Rxa7 35. g4 hxg4 36. hxg4 Be4 37. f3 Bxf3 38. Rxd3 Bxg4 39. Rd6 Bf3 40. Bg3 Ra2 41. Bf2 Rb2 42. Rd7+ Kg6 43. Rb7 g4 44. Bh4 f5 0-1


[Site "https://www.chess.com"]

[Event "Titled Tuesday Blitz May 16 Early 2023"]
[White "Hua, Lefong"]
[Black "Jiganchine, Roman"]
[WhiteFideId "2602253"]
[BlackFideId "2603667"]
[WhiteElo "2645"]
[BlackElo "2274"]
[Result "1-0"]
[Round "09"]
[TimeControl "180+2"]
[Date "2023.05.16"]
[WhiteClock "0:00:26"]
[BlackClock "0:00:00"]

1. d4 d5 2. c4 e6 3. Nc3 Nf6 4. cxd5 exd5 5. Bg5 c6 6. e3 Bf5 7. Qf3 Be6 8. Bxf6 Qxf6 9. Qxf6 gxf6 10. Bd3 a5 11. Nge2 a4 12. a3 Nd7 13. Nf4 b5 14. Kd2 Nb6 15. Nce2 Bd6 16. Nh5 Ke7 17. Neg3 Nc4+ 18. Kc2 b4 19. axb4 Rhb8 20. Bxc4 dxc4 21. Ng7 Bxg3 22. hxg3 Rxb4 23. Nxe6 Kxe6 24. Rxh7 Rab8 25. Ra2 Rb3 26. Rh5 f5 27. Rh6+ f6 28. Rh7 a3 29. bxa3 Rb1 30. Kc3 Kd5 31. Rd7+ Ke6 32. Rc7 Kd6 33. Rf7 Ke6 34. Ra7 Rc1+ 35. Kd2 Rf1 36. Ke2 Rbb1 37. Rc2 Rbe1+ 38. Kf3 Rc1 39. Rxc1 Rxc1 40. Ra5 c3 41. Rc5 Kd6 42. a4 c2 43. a5 Kc7 44. Kf4 Kb7 45. Kxf5 Ka7 46. Kxf6 Ra1 47. Rxc2 Rxa5 48. g4 1-0


[Site "https://www.chess.com"]

[Event "Titled Tuesday Blitz May 16 Early 2023"]
[White "Korpics, Zsolt"]
[Black "Bartel, Michal"]
[WhiteFideId "705241"]
[BlackFideId "1119257"]
[WhiteElo "2346"]
[BlackElo "2282"]
[Result "0-1"]
[Round "09"]
[TimeControl "180+2"]
[Date "2023.05.16"]
[WhiteClock "0:00:00"]
[BlackClock "0:00:46"]

1. e4 e5 2. Nf3 Nc6 3. d4 exd4 4. Bb5 g6 5. Nxd4 Bg7 6. c3 Nge7 7. O-O O-O 8. Bg5 h6 9. Bh4 g5 10. Bg3 Nxd4 11. cxd4 d5 12. e5 Bf5 13. Nc3 c6 14. Bd3 Qb6 15. Qc2 Bxd3 16. Qxd3 Rae8 17. b4 f5 18. f4 Ng6 19. b5 gxf4 20. Bf2 Rf7 21. Rab1 Nf8 22. Rfc1 Ne6 23. bxc6 Qxc6 24. Nb5 Qa6 25. Qb3 Rd7 26. Nd6 Rxd6 27. exd6 Qxd6 28. Qd3 f3 29. Qxf3 Ng5 30. Qxf5 Rf8 31. Qc2 Ne4 32. Be3 b6 33. Rf1 Re8 34. Rbe1 Qe6 35. Kh1 Qg6 36. Bf4 Ng3+ 37. hxg3 Qxc2 38. Rxe8+ Kh7 39. Re7 Kg6 40. Rfe1 Bxd4 41. R1e6+ Kf5 42. Re2 Qb1+ 43. Re1 Qxa2 44. Rf7+ Kg6 45. Rd7 Bc5 46. Rd8 d4 47. Rg8+ Qxg8 48. Ra1 a5 0-1


[Site "https://www.chess.com"]

[Event "Titled Tuesday Blitz May 16 Early 2023"]
[White "Filgueira, Hernan"]
[Black "Fernandez Siles, Luis"]
[WhiteFideId "101770"]
[BlackFideId "2209420"]
[WhiteElo "2363"]
[BlackElo "2195"]
[Result "1-0"]
[Round "09"]
[TimeControl "180+2"]
[Date "2023.05.16"]
[WhiteClock "0:01:07"]
[BlackClock "0:00:12"]

1. c4 Nf6 2. Nc3 g6 3. g3 Bg7 4. Bg2 O-O 5. d3 d6 6. e4 c5 7. Nge2 Nc6 8. O-O Bg4 9. f3 Bd7 10. Be3 Ne8 11. d4 cxd4 12. Nxd4 Nxd4 13. Bxd4 Bxd4+ 14. Qxd4 Nc7 15. Qd2 Ne6 16. Nd5 Bc6 17. Rae1 b5 18. cxb5 Bxb5 19. Rf2 Nc7 20. Nc3 Bc4 21. b3 Be6 22. f4 Rc8 23. f5 Bd7 24. h4 Nb5 25. Nd5 Bc6 26. fxg6 hxg6 27. h5 Bxd5 28. Qxd5 Rc5 29. Qd3 Rxh5 30. Bf3 Re5 31. Kg2 Qb6 32. Rh1 Qd4 33. Qc2 Kg7 34. Qc1 g5 35. Rh5 f6 36. Qh1 Kf7 37. Qh3 g4 38. Rh7+ Ke8 39. Qxg4 Rg5 40. Qc8# 1-0


[Site "https://www.chess.com"]

[Event "Titled Tuesday Blitz May 16 Early 2023"]
[White "Hajiyev, Kanan"]
[Black "Melikhov, Evgeny V."]
[WhiteFideId "13404148"]
[BlackFideId "4122046"]
[WhiteElo "2103"]
[BlackElo "2158"]
[Result "0-1"]
[Round "09"]
[TimeControl "180+2"]
[Date "2023.05.16"]
[WhiteClock "0:00:13"]
[BlackClock "0:00:14"]

1. d4 Nf6 2. Nf3 d5 3. c4 e6 4. cxd5 exd5 5. Nc3 Bb4 6. Qc2 c5 7. a3 Bxc3+ 8. bxc3 c4 9. Bg5 h6 10. Bh4 g5 11. Bg3 Ne4 12. Nd2 Nxd2 13. Qxd2 Bf5 14. f3 Nc6 15. e4 dxe4 16. Bxc4 exf3 17. O-O O-O 18. Rxf3 Be4 19. Rf2 Kg7 20. Raf1 f5 21. Qb2 f4 22. Qxb7+ Kg6 23. Re2 fxg3 24. Bf7+ Kg7 25. Rxe4 Na5 26. Qd5 Qxd5 27. Bxd5 Rxf1+ 28. Kxf1 gxh2 29. Re7+ Kf6 30. g4 Rd8 31. Rf7+ Kg6 32. Kg2 Rxd5 33. Rxa7 Nc4 34. Kxh2 Ra5 35. Rxa5 Nxa5 36. Kg3 Kf6 37. Kf3 Ke6 38. Ke4 Nc4 39. a4 Na5 40. Ke3 Kd5 41. Kd3 Nc4 42. Ke2 Ke4 43. Kd1 Kd3 44. d5 Kxc3 45. d6 Nxd6 46. a5 Nb5 47. a6 Kd3 48. Ke1 Ke3 49. Kd1 Kf4 50. Kc2 Kxg4 51. Kd3 h5 52. Kc4 Na7 53. Kc5 h4 54. Kb6 h3 55. Kxa7 h2 56. Kb6 h1=Q 57. a7 Qa8 58. Ka6 Kf3 59. Kb6 g4 60. Ka6 g3 61. Kb6 g2 62. Ka6 g1=Q 63. Kb5 Qgxa7 64. Kc4 Qd7 65. Kc5 Qac8+ 66. Kb4 Qdb7+ 67. Ka5 Qca8# 0-1


[Site "https://www.chess.com"]

[Event "Titled Tuesday Blitz May 16 Early 2023"]
[White "Buchenau, Frank"]
[Black "Gonzalez, Francisco Silva"]
[WhiteFideId "4604350"]
[BlackFideId "1512285"]
[WhiteElo "2157"]
[BlackElo "2074"]
[Result "1-0"]
[Round "09"]
[TimeControl "180+2"]
[Date "2023.05.16"]
[WhiteClock "0:00:32"]
[BlackClock "0:00:14"]

1. e4 e5 2. Bc4 Nf6 3. d3 Bc5 4. Nf3 Nc6 5. O-O d6 6. c3 a6 7. Bb3 Ba7 8. Nbd2 h6 9. Re1 Ne7 10. Nf1 Ng6 11. Ng3 Ng4 12. d4 O-O 13. h3 Nf6 14. Be3 Re8 15. Bc2 c5 16. Qd2 cxd4 17. cxd4 exd4 18. Nxd4 Bc5 19. Rad1 Qb6 20. Nb3 Bxe3 21. Rxe3 d5 22. exd5 Rxe3 23. Qxe3 Qd6 24. Qc5 Qe5 25. Qd4 Qd6 26. Nc5 Nf4 27. Nce4 Nxe4 28. Qxe4 Bd7 29. Qh7+ Kf8 30. Qh8+ Ke7 31. Re1+ Kf6 32. Ne4+ Ke5 33. Nxd6+ Ne2+ 34. Rxe2+ Kd4 35. Qxa8 Ba4 36. Bxa4 1-0


[Site "https://www.chess.com"]

[Event "Titled Tuesday Blitz May 16 Early 2023"]
[White "Horak, Martin"]
[Black "Llanos, Guillermo"]
[WhiteFideId "367095"]
[BlackFideId "100358"]
[WhiteElo "2091"]
[BlackElo "2225"]
[Result "1-0"]
[Round "09"]
[TimeControl "180+2"]
[Date "2023.05.16"]
[WhiteClock "0:00:17"]
[BlackClock "0:00:00"]

1. Nf3 d5 2. e3 c5 3. b3 Nf6 4. Bb2 g6 5. Bb5+ Bd7 6. Bxf6 exf6 7. Bxd7+ Qxd7 8. d4 Nc6 9. c3 cxd4 10. Nxd4 Bc5 11. O-O O-O 12. Nd2 Rfe8 13. N2f3 Rac8 14. Rc1 Ne5 15. Qd2 Ba3 16. Rc2 Bf8 17. Rd1 Red8 18. Ne1 Bd6 19. Ne2 Bb8 20. Nf4 Qf5 21. Nxd5 Kg7 22. c4 b5 23. f4 Ng4 24. h3 Rxd5 25. cxd5 Nxe3 26. Rxc8 Bxf4 27. Rdc1 Nxd5 28. Qd3 Be3+ 29. Kh1 Qf2 30. Nf3 Bxc1 31. Rxc1 1-0


[Site "https://www.chess.com"]

[Event "Titled Tuesday Blitz May 16 Early 2023"]
[White "Ezat, Mohamed"]
[Black "Dishman, Stephen"]
[WhiteFideId "10600906"]
[BlackFideId "403024"]
[WhiteElo "2386"]
[BlackElo "2204"]
[Result "1-0"]
[Round "09"]
[TimeControl "180+2"]
[Date "2023.05.16"]
[WhiteClock "0:01:29"]
[BlackClock "0:00:35"]

1. d3 d5 2. Nd2 e5 3. e4 Nf6 4. Ngf3 Bd6 5. g3 c6 6. Bg2 O-O 7. O-O Re8 8. Re1 Nbd7 9. c3 a5 10. h3 a4 11. Nf1 Qc7 12. Ne3 dxe4 13. dxe4 Bc5 14. Nf5 g6 15. Nh6+ Kg7 16. Nh4 Nf8 17. Qf3 Ng8 18. Nxg8 Kxg8 19. Bh6 Ne6 20. Bf1 Bf8 21. Bxf8 Rxf8 22. Qe3 b5 23. Qh6 Qe7 24. Nf3 f6 25. Rad1 Ba6 26. h4 Rad8 27. Bh3 Nc5 28. h5 Qg7 29. Qe3 Qe7 30. hxg6 hxg6 31. Nh4 Kg7 32. Bf5 Rxd1 33. Rxd1 Rd8 34. Rxd8 Qxd8 35. Qxc5 gxf5 36. Nxf5+ Kg6 37. Qe3 Qd1+ 38. Kh2 Qh5+ 39. Nh4+ Kf7 40. Qa7+ Ke6 41. Qxa6 Kd6 42. Qc8 Qe2 43. Qf8+ Ke6 44. Qc8+ Kd6 45. Qf5 Kc5 46. Qxf6 Qxe4 47. Nf3 Qe2 48. Qxe5+ 1-0


[Site "https://www.chess.com"]

[Event "Titled Tuesday Blitz May 16 Early 2023"]
[White "Karthik Sai Ch"]
[Black "Lehtosaari, Mauri"]
[WhiteFideId "46649484"]
[BlackFideId "501999"]
[WhiteElo "2003"]
[BlackElo "2486"]
[Result "0-1"]
[Round "09"]
[TimeControl "180+2"]
[Date "2023.05.16"]
[WhiteClock "0:00:04"]
[BlackClock "0:00:08"]

1. e4 c5 2. Nf3 e6 3. b3 b6 4. Bb2 Bb7 5. e5 d6 6. Bb5+ Nd7 7. O-O a6 8. Bxd7+ Qxd7 9. exd6 Qxd6 10. d4 Nf6 11. c4 cxd4 12. Nxd4 Rd8 13. Qe2 Be7 14. Nd2 O-O 15. N2f3 Qf4 16. Qe5 Bd6 17. Qxf4 Bxf4 18. Rad1 Rfe8 19. Rfe1 Bc7 20. Kf1 h6 21. h3 Rd7 22. Nc2 Bxf3 23. gxf3 Red8 24. Rxd7 Rxd7 25. Bxf6 gxf6 26. Ke2 Kg7 27. Rd1 Rxd1 28. Kxd1 Kg6 29. Ke2 Kg5 30. Kf1 f5 31. Kg2 Kf4 32. Nb4 a5 33. Nc6 Kg5 34. a3 Kf6 35. b4 axb4 36. axb4 e5 37. f4 e4 38. Kg3 Bd6 39. b5 Bc5 40. Ne5 Ke6 41. Kg2 Bd4 42. Nc6 Bc3 43. f3 f6 44. Kf2 Kd6 45. Nd8 h5 46. Nc6 Bd2 47. Kg3 Be1+ 48. Kg2 Bc3 49. Kf2 Kc5 50. Ne7 Kxc4 51. Nxf5 exf3 52. Nd6+ Kc5 53. Ne4+ Kb4 54. Kxf3 Bd4 55. Nd6 Kc5 56. Ke4 Bc3 57. Ne8 Kxb5 58. Kf5 Kc4 59. Nxf6 b5 60. Ne4 b4 61. Kg6 b3 62. f5 b2 63. Nxc3 Kxc3 64. f6 b1=Q+ 65. Kxh5 Qf5+ 66. Kh6 Qxf6+ 67. Kh7 Qh4+ 68. Kg6 Qxh3 0-1


[Site "https://www.chess.com"]

[Event "Titled Tuesday Blitz May 16 Early 2023"]
[White "Szente Varga, Fruzsina"]
[Black "Petrovic, Aleksa"]
[WhiteFideId "712264"]
[BlackFideId "967629"]
[WhiteElo "1994"]
[BlackElo "2309"]
[Result "1-0"]
[Round "09"]
[TimeControl "180+2"]
[Date "2023.05.16"]
[WhiteClock "0:00:28"]
[BlackClock "0:00:28"]

1. e4 e6 2. d4 d5 3. Nd2 h6 4. e5 c5 5. c3 Nc6 6. Bb5 Qb6 7. Bxc6+ bxc6 8. Ne2 Ba6 9. Nb3 cxd4 10. cxd4 c5 11. dxc5 Bxc5 12. Nxc5 Qxc5 13. Be3 Qb4+ 14. Qd2 Qxd2+ 15. Kxd2 Bxe2 16. Kxe2 Ne7 17. Bc5 Kd7 18. f4 Rhc8 19. Rac1 h5 20. g3 Nf5 21. Kd3 a5 22. b3 Ra6 23. a3 Rac6 24. b4 axb4 25. axb4 Ra6 26. Ra1 Rca8 27. Rxa6 Rxa6 28. b5 Ra5 29. Rb1 Kc7 30. Kc3 Ra4 31. Rb4 Rxb4 32. Kxb4 f6 33. Bf8 fxe5 34. fxe5 g5 35. Kc5 h4 36. g4 Ne3 37. Be7 Nxg4 38. Bxg5 Nxe5 39. Bf4 1-0


[Site "https://www.chess.com"]

[Event "Titled Tuesday Blitz May 16 Early 2023"]
[White "Fajdetic, Hrvoje"]
[Black "Santarius, Erik"]
[WhiteFideId "14501945"]
[BlackFideId "2025817"]
[WhiteElo "2185"]
[BlackElo "2300"]
[Result "0-1"]
[Round "09"]
[TimeControl "180+2"]
[Date "2023.05.16"]
[WhiteClock "0:00:00"]
[BlackClock "0:00:55"]

1. d4 d5 2. Bf4 c5 3. e3 cxd4 4. exd4 Nc6 5. Nc3 a6 6. Nce2 Bf5 7. c3 e6 8. Ng3 Bg6 9. h4 h6 10. h5 Bh7 11. Bd3 Bxd3 12. Qxd3 Nf6 13. Nf3 Bd6 14. Bxd6 Qxd6 15. O-O O-O 16. Rfe1 b5 17. Ne5 Rfb8 18. Nxc6 Qxc6 19. a3 a5 20. Ra2 b4 21. axb4 axb4 22. Rea1 Rxa2 23. Rxa2 bxc3 24. bxc3 Rb3 25. Rc2 Qc7 26. Qf3 Rb1+ 27. Kh2 Ra1 28. Kh3 Ne4 29. Kh2 Nxg3 30. Qxg3 Qxg3+ 31. Kxg3 Kf8 32. Kf3 Ke7 33. c4 Ra3+ 34. Kf4 Rd3 35. cxd5 Rxd4+ 36. Ke3 Rxd5 37. g4 Kf6 38. f4 Ra5 39. Rc3 Ra1 40. Kf3 Rf1+ 41. Kg3 Re1 42. Rb3 Rc1 43. Rd3 Rb1 44. Ra3 Rb7 45. Ra6 Rc7 46. Ra3 Rd7 47. Rb3 Ke7 48. Rc3 Kd6 49. Rb3 Kc5 50. Ra3 Kc4 51. Rf3 Rd3 52. Rxd3 Kxd3 53. Kf3 f6 54. g5 f5 55. gxh6 gxh6 0-1


[Site "https://www.chess.com"]

[Event "Titled Tuesday Blitz May 16 Early 2023"]
[White "Balla, Tamas-Kristof"]
[Black "Manon-og, Ramon Jr."]
[WhiteFideId "1208497"]
[BlackFideId "5200776"]
[WhiteElo "2334"]
[BlackElo "2320"]
[Result "0-1"]
[Round "09"]
[TimeControl "180+2"]
[Date "2023.05.16"]
[WhiteClock "0:01:35"]
[BlackClock "0:02:33"]

1. f4 f5 2. b3 Nf6 3. Bb2 g6 4. Nf3 Bg7 5. g3 Kf8 6. Bg2 d6 7. O-O c5 8. e3 Nc6 9. Qe2 h5 10. Nh4 Qe8 11. d3 b6 12. Nxg6+ Qxg6 13. Bxc6 Rb8 14. Nd2 h4 15. Qg2 Ng4 16. Bxg7+ Qxg7 17. Rf3 Qxa1+ 0-1


[Site "https://www.chess.com"]

[Event "Titled Tuesday Blitz May 16 Early 2023"]
[White "Weber, Samuel"]
[Black "Rodchenkov, Sergey D."]
[WhiteFideId "12924008"]
[BlackFideId "4168712"]
[WhiteElo "2162"]
[BlackElo "2277"]
[Result "0-1"]
[Round "09"]
[TimeControl "180+2"]
[Date "2023.05.16"]
[WhiteClock "0:00:00"]
[BlackClock "0:00:50"]

1. b3 d5 2. Bb2 Nf6 3. Nf3 Bg4 4. e3 Nbd7 5. Be2 c6 6. O-O e6 7. c4 Be7 8. Nc3 O-O 9. h3 Bf5 10. d4 h6 11. Bd3 Bxd3 12. Qxd3 Qb6 13. cxd5 exd5 14. Na4 Qc7 15. Ne5 Bd6 16. Nxd7 Qxd7 17. Nc5 Qe7 18. Qf5 Rae8 19. Rae1 g6 20. Qf3 Kg7 21. Re2 Kh7 22. Rfe1 Ne4 23. Nxe4 dxe4 24. Qg4 f5 25. Qg3 Bxg3 26. fxg3 Qg5 27. Kh2 h5 28. h4 Qe7 29. Rd2 g5 30. d5 gxh4 31. d6 hxg3+ 32. Kxg3 Rg8+ 33. Kh2 Qg5 34. Red1 Rd8 35. d7 h4 36. Be5 h3 37. gxh3 Qxe3 38. Bc7 f4 39. Bxd8 Qg3+ 40. Kh1 Qf3+ 41. Kh2 Rxd8 42. Rg1 e3 43. Rd6 e2 44. Rdg6 Rxd7 0-1


[Site "https://www.chess.com"]